AoeStats
← 根本赢不了

Arena

510254223Analyzed
1v1 RM · 1d ago on Sep 30, 2026· 45m 1s· 2 players
Game mode
Random Map
Map size
Tiny (2 player)
Population
200
Speed
Normal
Resources
Standard
Victory
Conquest
Starting age
Dark Age
Ending age
Imperial Age
RankedLock teamsTeams togetherTeam positionsShared explorationLock speedFull tech treeHidden civsTurbo modeCheats
Victory
Defeat
🇨🇳 Teutons · China
1139
+17
🇨🇳 Danes · China
1167
-27
1830551726
5:03 Loom
9:37 Feudal Age
11:23 Fletching
19:57 Castle Age
19:03 Horse Collar
19:15 Gold Mining
20:52 Double-Bit Axe
29:14 Bow Saw
30:22 Wheelbarrow
31:53 Hand Cart
32:20 Forging
36:03 Imperial Age
33:44 Squires
33:53 Scale Mail Armor
34:30 Heavy Plow
35:19 Chain Mail Armor
35:40 Iron Casting
34:59 Arson
37:59 Chemistry
36:39 Elite Teutonic Knight
37:41 Conscription
38:23 Blast Furnace
39:46 Capped Ram
41:13 Plate Mail Armor
43:46 Ironclad
根本赢不了
10:23 Feudal Age
14:02 Castle Age
11:49 Double-Bit Axe
23:17 Horse Collar
25:20 Forging
30:45 Bow Saw
30:27 Gold Mining
33:18 Wheelbarrow
35:08 Gold Shaft Mining
39:20 Imperial Age
37:01 Fletching
37:12 Padded Archer Armor
39:05 Bodkin Arrow
39:26 Leather Archer Armor
39:32 Ballistics
40:06 Thumb Ring
40:54 Bracer
42:26 Chemistry
42:59 Ring Archer Armor
42:26 Capped Ram
Connection lost

Rejoining the realm…

Still unreachable

The connection could not be restored.

Session expired

The server has moved on; the page needs a fresh start.